 Dungeon Crawl Stone Soup version 0.14-a0-1844-g8283a67 (webtiles) character file.

189 Piginabag the Ducker (level 4, -3/38 HPs)
             Began as a Demonspawn Monk on Jan 12, 2014.
             Slain by a green rat (6 damage)
             ... on Level 4 of the Dungeon on Jan 13, 2014.
             The game lasted 00:06:06 (2669 turns).

Piginabag the Ducker (Demonspawn Monk)              Turns: 2669, Time: 00:06:06

HP  -3/38        AC  5     Str 12      XL: 4   Next: 64%
MP   4/4         EV 13     Int 12      God:
Gold 77          SH  0     Dex 15      Spells:  0 memorised,  3 levels left

rFire  x . .     SeeInvis .     c - +0,+1 orc whip
rCold  + + .     Clarity  .     d - +0 leather armour
rNeg   . . .     Conserve .     (no shield)
rPois  .         rCorr    .     (no helmet)
rElec  .         rRot     .     j - +0 cloak
SustAb . .       Spirit   .     (no gloves)
rMut   .         Warding  .     (no boots)
Saprov . . .     Stasis   .     (no amulet)
                                i - ring of protection from cold {unknown}
                                h - ring of ice

@: slightly resistant to hostile enchantments, fairly stealthy
A: talons 1, rugged brown scales 1, spiny 1
a: no special abilities


You were on level 4 of the Dungeon.
You were very hungry.

You visited 1 branch of the dungeon, and saw 4 of its levels.

You collected 77 gold pieces.

Inventory:

Hand weapons
 c - a +0,+1 orcish whip (weapon)
Armour
 d - a +0 leather armour (worn)
 j - a +0 cloak (worn)
Comestibles
 b - a bread ration
 g - a pear
 k - 2 meat rations
Scrolls
 f - 3 scrolls of identify {unknown}
 m - a scroll of enchant weapon II {unknown}
Jewellery
 e - an uncursed ring of teleport control {unknown}
 h - a ring of ice (left hand)
 i - a ring of protection from cold (right hand) {unknown}
Potions
 l - a potion of speed {unknown}
 n - a potion of agility


   Skills:
 + Level 3.7 Fighting
 + Level 1.2 Maces & Flails
 + Level 0.8 Armour
 + Level 4.0 Dodging
 - Level 1.7 Stealth
 - Level 3.6 Unarmed Combat


You had 3 spell levels left.
You didn't know any spells.

Dungeon Overview and Level Annotations

Branches:
Dungeon (4/16)
 Temple: D:4-7

Altars:

Portals:
Sewer: D:4

Annotations:
D:2 Sigmund


Innate Abilities, Weirdness & Mutations

You have sharp toenails.
You are partially covered in rugged brown scales (AC +1, +3% HP).
You are partially covered in sharp spines.


Message History

The green rat is heavily wounded.
The green rat bites you.
* * * LOW HITPOINT WARNING * * *
You barely miss the green rat. You claw the green rat.
The green rat is severely wounded.
The green rat bites you.
* * * LOW HITPOINT WARNING * * *
You hit the green rat but do no damage.
The green rat is severely wounded.
The green rat completely misses you.
You closely miss the green rat.
You claw the green rat, but do no damage.
The green rat is severely wounded.
The green rat misses you.
Drink which item? (? for menu, Esc to quit)
Okay, then.
You barely miss the green rat.
The green rat is severely wounded.
The green rat is struck by your spines. The green rat bites you.
You die...

#...# #...
#... ...
#######..
#∩≈≈≈≈..#
#≈≈≈≈.#.#
#≈≈≈≈.#<#
#≈≈≈r@..#
#≈≈...#.#
#######...
#####


You could see a green rat.

Vanquished Creatures
  An iguana (D:3)
  3 adders
  A giant mite (D:4)
  A worm (D:2)
  A grey rat (D:4)
  3 giant geckos
  An ooze (D:1)
  3 orcs
  3 bats
  2 giant cockroaches
  3 goblins
  5 hobgoblins
  A ball python (D:1)
  3 giant newts
  9 kobolds
  5 rats
45 creatures vanquished.

Notes
Turn   | Place    | Note
--------------------------------------------------------------
     0 | D:1      | Piginabag, the Demonspawn Monk, began the quest for the Orb.
     0 | D:1      | Reached XP level 1. HP: 18/18 MP: 1/1
   281 | D:1      | Gained mutation: You are partially covered in sharp spines. [demonic ancestry]
   281 | D:1      | Reached XP level 2. HP: 9/24 MP: 2/2
   717 | D:1      | HP: 1/24 [kobold/whip (3)]
  1096 | D:2      | Gained mutation: You have sharp toenails. [demonic ancestry]
  1096 | D:2      | Reached XP level 3. HP: 3/29 MP: 3/3
  1441 | D:2      | Noticed Sigmund
  2524 | D:3      | Gained mutation: You are partially covered in rugged brown scales (AC +1, +3% HP). [demonic ancestry]
  2524 | D:3      | Reached XP level 4. HP: 28/37 MP: 4/4
  2641 | D:3      | Reached skill level 1 in Maces & Flails
  2652 | D:4      | Found a glowing drain.
  2655 | D:4      | Reached skill level 4 in Dodging
  2669 | D:4      | Slain by a green rat

Action                   |  1- 3 |  4- 6 || total
-------------------------+-------+-------++-------
Melee: Whip              |   120 |    39 ||   159
  Use: Potion            |     4 |       ||     4
 Stab: Sleeping          |     2 |       ||     2
